 Dungeon Crawl Stone Soup version 0.17-a0-957-ga3519be (webtiles) character file.

20721 FedoraBrony69 the Thaumaturge (level 12, -4/66 HPs)
             Began as a Deep Elf Conjurer on May 7, 2015.
             Was a High Priest of Kikubaaqudgha.
             Slain by a black mamba (9 damage)
             ... on level 4 of the Lair of Beasts.
             The game lasted 01:09:16 (16522 turns).

FedoraBrony69 the Thaumaturge (Deep Elf Conjurer)  Turns: 16522, Time: 01:09:16

Health: -4/66      AC:  8    Str:  5    XL:     12   Next: 47%
Magic:  10/40      EV: 16    Int: 32    God:    Kikubaaqudgha [*****.]
Gold:   458        SH:  0    Dex: 15    Spells: 9 memorised, 7 levels left

rFire  . . .     SeeInvis .     S - +1 demon blade (drain)
rCold  . . .     Clarity  .     R - +1 robe of Refuge {Int+4}
rNeg   + . .     SustAb   .     (no shield)
rPois  +         Gourm    +     r - -1 helmet (curse)
rElec  .         Spirit   .     m - +0 cloak
rCorr  .         Warding  .     (no gloves)
rMut   .         Stasis   .     (no boots)
MR     +....                    H - amulet of the gourmand
Stlth  ++........               E - ring of positive energy
                                x - ring of magical power

@: swift (expiring), regenerating, hasted, very quick, somewhat resistant to
hostile enchantments, unstealthy
A: iridescent scales 1, clever 1, poison resistance
a: Receive Corpses, Torment, Renounce Religion


You were on level 4 of the Lair of Beasts.
You worshipped Kikubaaqudgha.
Kikubaaqudgha was extremely pleased with you.
You were full.

You visited 3 branches of the dungeon, and saw 15 of its levels.
You also visited: Labyrinth.

You collected 888 gold pieces.
You spent 430 gold pieces at shops.

Inventory:

Hand weapons
 S - a +1 demon blade of draining (weapon)
Armour
 m - a +0 cloak (worn)
 r - a cursed -1 helmet (worn)
 I - a +2 leather armour of cold resistance
 R - the +1 robe of Refuge (worn) {Int+4}
   (You bought it in a shop on level 4 of the Dungeon)

   It affects your intelligence (+4).
Jewellery
 x - a ring of magical power (left hand)
 E - a ring of positive energy (right hand)
 H - an amulet of the gourmand (around neck)
Magical devices
 b - a wand of flame (14)
 n - a wand of teleportation (4)
 y - a wand of fireball (6)
 B - a wand of draining (7)
 C - a wand of draining (6)
 F - a wand of paralysis (10)
 Q - a wand of digging (12)
Scrolls
 a - a scroll of torment {unknown}
 k - 3 scrolls of recharging {unknown}
 l - 7 scrolls of teleportation
 p - 3 scrolls of magic mapping {unknown}
 q - 14 scrolls of remove curse
 w - 2 scrolls of amnesia {unknown}
 D - 2 scrolls of fear {unknown}
 J - a scroll of enchant weapon {unknown}
 K - a scroll of enchant armour {unknown}
 L - 2 scrolls of summoning {unknown}
 N - 2 scrolls of immolation {unknown}
 O - a scroll of holy word {unknown}
Potions
 d - 2 potions of mutation
 g - 4 potions of brilliance
 h - a potion of cure mutation
 i - a potion of cancellation
 j - a potion of ambrosia {unknown}
 o - 2 potions of curing
 t - 3 potions of invisibility
 v - a potion of might
 z - 2 potions of flight
 A - a potion of resistance
Comestibles
 c - 10 bread rations
 f - 7 meat rations
 s - 11 slices of pizza
 u - 7 beef jerkies
 G - 26 fruits


   Skills:
 + Level 4.2 Fighting
 + Level 7.1 Dodging
 - Level 2.4 Stealth
 + Level 13.3 Spellcasting
 + Level 12.0 Conjurations
 - Level 11.2 Charms
 - Level 10.5 Necromancy
 * Level 5.5 Fire Magic


You had 7 spell levels left.
You knew the following spells:

 Your Spells              Type           Power        Failure   Level  Hunger
a - Magic Dart            Conj           ####         0%          1    None
b - Iskenderun's Battles  Conj/Chrm      #######.     1%          5    None
c - Iskenderun's Mystic   Conj           #######.     1%          4    None
d - Fireball              Conj/Fire      ######....   1%          5    None
e - Bolt of Fire          Conj/Fire      ######....   12%         6    ####...
f - Delayed Fireball      Conj/Fire      N/A          54%         7    #####..
m - Sublimation of Blood  Necr           ######....   1%          2    None
n - Regeneration          Chrm/Necr      ######....   1%          3    None
x - Swiftness             Chrm/Air       ######..     1%          2    None


Dungeon Overview and Level Annotations

Branches:
Dungeon (10/15)            Temple (1/1) D:4            Lair (4/8) D:10
  Snake (0/4) Lair:4
  Swamp: Lair:3-6    Shoals: Lair:3-6       Orc: D:9-12

Altars:
Ashenzari
Cheibriados
Dithmenos
Elyvilon
Fedhas
Gozag
Kikubaaqudgha
Makhleb
Nemelex Xobeh
Okawaru
Qazlal
Ru
Sif Muna
Trog
Vehumet
Xom
Yredelemnul
Zin
The Shining One

Shops:
D:4 *   D:8 *(*(


Innate Abilities, Weirdness & Mutations

You are partially covered in iridescent scales (AC +4).
Your mind is acute. (Int +2)
Your system is resistant to poisons.


Message History

The black mamba bites you!
* * * LOW HITPOINT WARNING * * *
The black mamba closely misses you.
Drink which item? (? for menu, Esc to quit)
You feel better.
The black mamba bites you but does no damage.
The black mamba bites you.
* * * LOW HITPOINT WARNING * * *
The black mamba bites you!
* * * LOW HITPOINT WARNING * * *
Evoke which item? (* to show all) (? for menu, Esc to quit)
Okay, then.
Read which item? (? for menu, Esc to quit)
Okay, then.
Drink which item? (? for menu, Esc to quit)
You feel yourself speed up.
You start to feel a little slower.
The black mamba bites you!
You die...
Kikubaaqudgha rasps: "You have failed me!
Welcome... death!"

..( #.........<.......
....##...........#....
.(...............P....
......................
.................#...#
......................
.....................#
.....................#
..........†.@....#...
..#.#..###.SS##.####
...#### #...#### ..
##....# #..†.##
###...# #.### #†. P†.P


You could see a black mamba and a water moccasin.

Vanquished Creatures
  A minotaur (Lab)
  The ghost of Shenaniganizer the Covert, an experienced OpAs of Dithmenos (D:8)
  Pikel (D:7)
  A manticore (D:10)
  Maurice (D:8)
  3 black mambas
  4 elephants
  A gargoyle (D:10)
  4 spiny frogs
  A fire drake (Lair:1)
  2 komodo dragons
  2 trolls
  Prince Ribbit (D:7)
  5 blink frogs (Lair:2)
  27 yaks
  4 hippogriffs
  A basilisk (Lair:3)
  Grum (D:8)
  A human (D:10)
  A wyvern (D:9)
  2 wolves (D:8)
  9 water moccasins
  3 porcupines
  2 slaves (D:7)
  2 ice beasts
  2 orc warriors
  2 black bears
  7 ogres
  3 sky beasts
  A phantom (D:10)
  A centaur (D:8)
  8 crocodiles
  The ghost of FedoraBrony69 the Conjurer, an average DECj (D:3)
  9 giant frogs
  8 scorpions
  17 killer bees
  4 crimson imps
  A giant frog zombie (D:6)
  A centaur zombie (D:7)
  5 hounds
  2 jellies
  7 orc priests
  5 iguanas
  7 worker ants
  A giant frog skeleton (D:5)
  7 orc wizards
  25 sheep
  A hound skeleton (D:4)
  9 adders
  7 gnolls
  8 river rats (Lair:3)
  2 shadow imps (D:8)
  2 oozes
  2 adder skeletons
  An adder zombie (D:6)
  4 worms
  6 giant geckos
  30 orcs
  3 ball pythons
  25 bats
  2 bat skeletons
  2 giant cockroaches
  10 goblins
  19 hobgoblins
  11 jackals
  4 quokkas
  8 giant newts
  4 giant spores
  18 kobolds
  A quokka skeleton (D:6)
  A quokka zombie (D:6)
  14 rats
  A ballistomycete (D:10)
  2 fungi
402 creatures vanquished.

Vanquished Creatures (others)
  An ogre (Lab)
  A slave (D:7)
  An orc wizard (D:7)
  An orc (D:7)
4 creatures vanquished.

Grand Total: 406 creatures vanquished

Notes
Turn   | Place    | Note
--------------------------------------------------------------
     0 | D:1      | FedoraBrony69, the Deep Elf Conjurer, began the quest for the Orb.
     0 | D:1      | Reached XP level 1. HP: 10/10 MP: 6/6
   157 | D:1      | Reached XP level 2. HP: 1/15 MP: 0/8
   968 | D:1      | Reached XP level 3. HP: 19/19 MP: 7/10
   976 | D:1      | Reached skill level 5 in Conjurations
  2302 | D:2      | Reached XP level 4. HP: 24/24 MP: 7/12
  2559 | D:3      | Found a shattered altar of Ashenzari.
  2660 | D:3      | Reached skill level 5 in Spellcasting
  2758 | D:3      | Noticed FedoraBrony69's ghost (average DECj)
  2804 | D:3      | Learned a level 4 spell: Iskenderun's Mystic Blast
  3312 | D:3      | Killed FedoraBrony69's ghost
  3312 | D:3      | Reached skill level 6 in Spellcasting
  3312 | D:3      | Reached XP level 5. HP: 10/28 MP: 0/15
  3319 | D:3      | Learned a level 5 spell: Iskenderun's Battlesphere
  3482 | D:4      | Reached skill level 1 in Charms
  3554 | D:4      | Found Matog's General Store.
  3592 | D:4      | Reached XP level 6. HP: 32/32 MP: 6/17
  3988 | D:4      | Found a blossoming altar of Fedhas.
  4119 | D:4      | Found a staircase to the Ecumenical Temple.
  4148 | D:4      | Found an iron altar of Okawaru.
  4284 | Temple   | Entered the Ecumenical Temple
  4519 | Temple   | Became a worshipper of Kikubaaqudgha
  4646 | D:4      | Found a bloodstained altar of Trog.
  4717 | D:4      | Reached XP level 7. HP: 28/36 MP: 0/19
  4789 | D:4      | Reached skill level 5 in Charms
  4904 | D:4      | Reached skill level 7 in Spellcasting
  5479 | D:5      | Entered Level 5 of the Dungeon
  5597 | D:5      | Acquired Kikubaaqudgha's first power
  5597 | D:5      | Received a gift from Kikubaaqudgha
  5600 | D:5      | Identified Kikubaaqudgha's Papyrus of Evil Rites (Kikubaaqudgha gifted it to you on level 5 of the Dungeon)
  5611 | D:5      | Learned a level 2 spell: Sublimation of Blood
  5615 | D:5      | Learned a level 3 spell: Regeneration
  5888 | D:5      | Reached XP level 8. HP: 41/41 MP: 11/21
  6250 | D:6      | Learned a level 2 spell: Swiftness
  6466 | D:6      | Found a shadowy altar of Dithmenos.
  6511 | D:6      | Reached skill level 8 in Spellcasting
  7102 | D:6      | Found a bloodstained altar of Trog.
  7201 | D:7      | Reached skill level 9 in Charms
  7389 | D:7      | Noticed Pikel
  7397 | D:7      | Killed Pikel
  7397 | D:7      | Reached skill level 10 in Charms
  7397 | D:7      | Reached XP level 9. HP: 34/45 MP: 3/24
  7569 | D:7      | HP: 2/45 [orc warrior/mace (14)]
  7858 | D:7      | Reached skill level 11 in Charms
  7926 | D:7      | Acquired Kikubaaqudgha's second power
  8085 | D:7      | Noticed Prince Ribbit
  8091 | D:7      | Killed Prince Ribbit
  8410 | D:8      | Reached skill level 10 in Spellcasting
  8436 | D:8      | Found Tacsutirhi's General Store.
  8439 | D:8      | Noticed Grum
  8445 | D:8      | Killed Grum
  8504 | D:8      | Found an opulent altar of Gozag.
  8771 | D:8      | Reached skill level 5 in Necromancy
  8803 | D:8      | Noticed Shenaniganizer's ghost (experienced OpAs)
  8886 | D:8      | Killed Shenaniganizer's ghost
  8886 | D:8      | Reached XP level 10. HP: 50/50 MP: 6/26
  9057 | D:8      | Found Jobbakoz's Assorted Antiques.
  9062 | D:8      | Noticed Maurice
  9081 | D:8      | Killed Maurice
  9227 | D:8      | Bought 2 scrolls labeled NILUAB JEEB NIYCIB for 60 gold pieces
  9227 | D:8      | Bought 2 murky pink potions for 54 gold pieces
  9227 | D:8      | Bought a scroll labeled ODAZEU COAQOUP for 30 gold pieces
  9227 | D:8      | Bought 2 dark potions for 54 gold pieces
  9244 | D:8      | Found Otuy's Weapon Boutique.
  9421 | D:8      | Found Fotuh's Antique Weapon Shop.
  9874 | D:4      | Received a gift from Kikubaaqudgha
  9875 | D:4      | Identified Kikubaaqudgha's Collected Works on Sinister Rites (Kikubaaqudgha gifted it to you on level 4 of the Dungeon)
  9928 | D:4      | Bought the +1 robe of Refuge {Int+4} for 232 gold pieces
 10299 | D:9      | Reached skill level 10 in Conjurations
 11052 | D:10     | Entered Level 10 of the Dungeon
 11073 | D:10     | Found a staircase to the Lair.
 11079 | D:10     | Noticed an elephant
 11207 | D:9      | Killed an elephant
 11513 | D:10     | Reached XP level 11. HP: 54/54 MP: 23/28
 11696 | D:10     | Noticed a manticore
 11702 | D:10     | Killed a manticore
 11775 | D:10     | Gained mutation: You are partially covered in iridescent scales (AC +4). [mutagenic meat]
 11927 | D:10     | Acquired Kikubaaqudgha's third power
 11955 | D:10     | Reached skill level 1 in Fighting
 11957 | D:10     | Reached skill level 10 in Necromancy
 12237 | D:10     | Reached skill level 12 in Spellcasting
 12826 | Lair:1   | Entered Level 1 of the Lair of Beasts
 12976 | Lair:1   | Acquired Kikubaaqudgha's fourth power
 13956 | Lair:2   | Found a labyrinth entrance.
 13963 | Lair:2   | Reached skill level 5 in Dodging
 14120 | Lair:2   | HP: 2/59 [yak (3)]
 14281 | Lab      | Entered a labyrinth
 14378 | Lab      | Noticed a minotaur
 14380 | Lab      | Noticed a centaur warrior
 14392 | Lab      | Killed a minotaur
 14454 | Lab      | Learned a level 7 spell: Delayed Fireball
 14460 | Lab      | Learned a level 5 spell: Fireball
 14467 | Lab      | Learned a level 6 spell: Bolt of Fire
 14683 | Lair:2   | Reached skill level 1 in Fire Magic
 14729 | Lair:2   | Reached XP level 12. HP: 57/64 MP: 14/30
 15063 | Lair:2   | Reached skill level 13 in Spellcasting
 15507 | Lair:2   | Gained mutation: Your mind is acute. (Int +2) [potion of mutation]
 15507 | Lair:2   | Gained mutation: Your system is resistant to poisons. [potion of mutation]
 16223 | Lair:3   | Reached skill level 5 in Fire Magic
 16509 | Lair:4   | Found a staircase to the Snake Pit.
 16520 | Lair:4   | HP: 3/66 [black mamba (17)]
 16522 | Lair:4   | Slain by a black mamba

Action                   |  1- 3 |  4- 6 |  7- 9 | 10-12 || total
-------------------------+-------+-------+-------+-------++-------
Melee: Unarmed           |     4 |       |       |       ||     4
       Mace              |       |    25 |    28 |    16 ||    69
 Cast: Magic Dart        |   100 |   133 |   210 |   239 ||   682
       Iskenderun's Myst |       |    13 |    44 |   162 ||   219
       Iskenderun's Batt |       |       |    15 |    49 ||    64
       Sublimation of Bl |       |       |     1 |    32 ||    33
       Regeneration      |       |       |     1 |    20 ||    21
       Swiftness         |       |       |       |     3 ||     3
       Fireball          |       |       |       |     6 ||     6
Evoke: Wand              |       |       |       |     2 ||     2
  Use: Potion            |       |     4 |     2 |     4 ||    10
       Scroll            |       |       |     2 |    10 ||    12
  Eat: Chunk             |     3 |    10 |    30 |    29 ||    72
